 Dungeon Crawl Stone Soup version 0.26.1 (webtiles) character file.

Game seed: 1920195305175269349

3994 Marvel the Thaumaturge (level 10, -1/46 HPs)
             Began as a Spriggan Conjurer on Feb 7, 2021.
             Was an Elder of Dithmenos.
             Killed by divine providence
             ... invoked by an orc priest
              (12 damage)
             ... on level 8 of the Dungeon.
             The game lasted 00:24:41 (11550 turns).

Marvel the Thaumaturge (Spriggan Conjurer)         Turns: 11550, Time: 00:24:41

Health: -1/46      AC:  2    Str:  4    XL:     10   Next: 3%
Magic:  19/33      EV: 25    Int: 21    God:    Dithmenos [****..]
Gold:   415        SH:  0    Dex: 16    Spells: 22/28 levels left

rFire    . . .     SeeInvis +   n - +7 Singing Sword {vorpal, sonic wave}
rCold    . . .     Faith    .   (shield currently unavailable)
rNeg     . . .     Spirit   .   a - +0 robe
rPois    .         Reflect  .   (helmet restricted)
rElec    .         Harm     .   (no cloak)
rCorr    .         Rampage  .   (gloves unavailable)
Will     +....                  (boots unavailable)
Stlth    ++++++....             (no amulet)
HPRegen  0.15/turn              v - ring of magical power
MPRegen  0.23/turn              w - ring of wizardry

@: lethally poisoned (-1 -> -3), wreathed by umbra, very quick
A: very small, unfitting armour, see invisible, speed 3
a: Renounce Religion, Shadow Step


You were on level 8 of the Dungeon.
You worshipped Dithmenos.
Dithmenos was greatly pleased with you.
You visited 2 branches of the dungeon, and saw 9 of its levels.

You collected 415 gold pieces.

Inventory:

Hand Weapons
 b - a +0 short sword
 n - the +7 Singing Sword (weapon) {vorpal, sonic wave}
   (You found it on level 4 of the Dungeon)

   It inflicts extra damage upon your enemies.
Armour
 a - a +0 robe (worn)
Jewellery
 v - a ring of magical power (left hand)
 w - a ring of wizardry (right hand)
 y - an uncursed amulet of magic regeneration
Wands
 h - a wand of iceblast (11)
 m - a wand of polymorph (19)
 x - a wand of paralysis (8)
Scrolls
 c - 2 scrolls of fear {unknown}
 e - 4 scrolls of magic mapping {unknown}
 f - 9 scrolls of identify {unknown}
 g - 2 scrolls of remove curse
 j - 2 scrolls of teleportation {unknown}
 k - 3 scrolls of amnesia {unknown}
 l - 2 scrolls of random uselessness {unknown}
 p - a scroll of immolation {unknown}
 q - a scroll of fog {unknown}
Potions
 d - 2 potions of heal wounds {unknown}
 i - 2 potions of lignification {unknown}
 o - a potion of degeneration {unknown}
 r - a potion of ambrosia {unknown}
 s - 2 potions of brilliance {unknown}
 t - a potion of curing {unknown}
 u - a potion of haste {unknown}


   Skills:
 - Level 2.0 Fighting
 - Level 1.6(4.5) Short Blades
 - Level 5.0(5.1) Long Blades
 + Level 9.1 Dodging
 + Level 8.9 Stealth
 + Level 9.8 Spellcasting
 - Level 5.3 Conjurations


You had 22 spell levels left.
You knew the following spells:

 Your Spells              Type           Power        Failure   Level
a - Magic Dart            Conj           100%         1%          1
b - Searing Ray           Conj           64%          1%          2
c - Dazzling Flash        Conj/Hex       42%          2%          3

Your spell library contained the following spells:

 Spells                   Type           Power        Failure   Level
 Fulminant Prism          Conj/Hex       10%          9%          4
 Iskenderun's Mystic Bla  Conj/Tloc      21%          9%          4


Dungeon Overview and Level Annotations

Branches:
Dungeon (8/15)             Temple (1/1) D:7
   Lair: D:8-11

Altars:
Ashenzari
Cheibriados
Dithmenos
Elyvilon
Gozag
Hepliaklqana
Kikubaaqudgha
Makhleb
Okawaru
Ru
Sif Muna
Trog
Uskayaw
Vehumet
Wu Jian
Xom
Yredelemnul
Zin
The Shining One

Annotations:
D:1 Terence
D:2 1 runed translucent door, Crazy Yiuf
D:3 Robin, Sigmund


Innate Abilities, Weirdness & Mutations

You are very small and have problems with some larger weapons.
You are too small for most types of armour.
You have supernaturally acute eyesight. (SInv)
You cover ground extremely quickly.


Message History

The orc priest invokes the aid of Beogh against you.
Beogh smites you!
* * * LOW HITPOINT WARNING * * *
Casting: Magic Dart (safe; 1% risk of failure)
Confirm with . or Enter, or press ? or * to list all spells.
Aiming: Magic Dart (safe; 1% risk of failure)
Press: ? - help, Shift-Dir - straight line, f/p - orc priest
Aim: an orc priest, wielding a +0 club and wearing a +0 scale mail (severely wounded, umbra, 0% to evade)
The magic dart hits the orc priest but does no damage.
The orc priest is severely wounded.
Casting: Magic Dart (safe; 1% risk of failure)
Confirm with . or Enter, or press ? or * to list all spells.
Aiming: Magic Dart (safe; 1% risk of failure)
Press: ? - help, Shift-Dir - straight line, f/p - orc priest
Aim: an orc priest, wielding a +0 club and wearing a +0 scale mail (severely wounded, umbra, 0% to evade)
The magic dart hits the orc priest but does no damage.
The orc priest is severely wounded.
The orc priest mumbles some strange prayers to Beogh against you.
Beogh smites you!
You die...

. . ........... . ...
..........# . ...
......)...## ..# .
#..........### #..##..
#.......).?.. #......?
.......)... ..)#..#
.......)†# ...(..#
......†@## ..##..#
..^....o.# .....# .......o.#
.. .....# .........# ...
.#.#.# ........### ##.# .###
.. .......o..##...##.. ..#
... .#..#..............# ..#
......#>.#..........#.#(#
..#..........#..........._..


You could see an orc priest and 2 orcs.

Vanquished Creatures
  Maggie (D:7)
  Menkaure (D:5)
  An orc warrior (D:7)
  An ice beast (D:6)
  3 sky beasts
  A black bear (D:6)
  4 ogres
  2 phantoms
  4 centaurs
  A bullfrog (D:6)
  5 scorpions (D:4)
  13 wights
  A howler monkey (D:5)
  6 killer bees (D:8)
  A bullfrog zombie (D:7)
  A quasit (D:7)
  2 jellies
  5 orc priests
  5 hounds
  A bullfrog skeleton (D:6)
  A centaur skeleton (D:7)
  A centaur zombie (D:6)
  7 orc wizards
  4 worker ants
  3 hound skeletons
  10 adders
  A shadow imp (D:5)
  3 white imps
  3 ufetubi
  An ooze (D:4)
  A worm (D:2)
  4 leopard geckos
  26 orcs
  A ball python (D:1)
  10 bats
  5 giant cockroaches
  10 goblins
  11 hobgoblins
  12 jackals
  3 quokkas
  A frilled lizard (D:3)
  6 kobolds
  8 rats
191 creatures vanquished.

Vanquished Creatures (others)
  15 fungi (D:4)
  4 toadstools (D:1)
19 creatures vanquished.

Grand Total: 210 creatures vanquished

Notes
Turn   | Place    | Note
-------+----------+-------------------------------------------
     0 | D:1      | Marvel the Spriggan Conjurer began the quest for the Orb.
     0 | D:1      | Reached XP level 1. HP: 9/9 MP: 5/5
   302 | D:1      | Reached XP level 2. HP: 13/13 MP: 1/6
  1407 | D:2      | Found a runed translucent door.
  1408 | D:2      | Noticed Crazy Yiuf
  1457 | D:2      | Reached XP level 3. HP: 16/16 MP: 4/8
  1458 | D:2      | Noticed Terence
  1714 | D:2      | You fall into a shaft and drop 2 floors!
  2006 | D:3      | Noticed Sigmund
  2398 | D:2      | Found an ancient bone altar of Kikubaaqudgha.
  3386 | D:4      | Reached XP level 4. HP: 21/21 MP: 3/10
  3755 | D:4      | Noticed an ogre
  4165 | D:2      | Learned a level 2 spell: Searing Ray
  4232 | D:3      | Found a faded altar of an unknown god.
  4234 | D:3      | Became a worshipper of Dithmenos the Shadowed
  4234 | D:3      | Reached * piety under Dithmenos
  4415 | D:3      | Noticed Robin
  5123 | D:4      | Killed an ogre
  5124 | D:4      | Reached XP level 5. HP: 24/24 MP: 4/13
  5250 | D:4      | Reached skill level 5 in Spellcasting
  5338 | D:4      | Reached skill level 1 in Short Blades
  5338 | D:4      | Reached XP level 6. HP: 25/28 MP: 8/14
  5869 | D:4      | Reached XP level 7. HP: 16/32 MP: 1/16
  6152 | D:4      | Reached ** piety under Dithmenos
  6176 | D:4      | Found the +7 Singing Sword {vorpal, sonic wave}
  6388 | D:5      | Entered Level 5 of the Dungeon
  6583 | D:5      | Reached skill level 5 in Conjurations
  6679 | D:5      | Found a broken altar of Ashenzari.
  6687 | D:5      | Reached skill level 1 in Long Blades
  7457 | D:5      | Noticed Menkaure
  7460 | D:5      | Killed Menkaure
  7461 | D:5      | Reached skill level 5 in Dodging
  7461 | D:5      | Reached XP level 8. HP: 25/37 MP: 19/19
  7582 | D:5      | Reached skill level 1 in Fighting
  7913 | D:6      | Found a white marble altar of Elyvilon.
  8423 | D:5      | Reached *** piety under Dithmenos
  8657 | D:6      | Reached skill level 5 in Stealth
  9207 | D:6      | Reached XP level 9. HP: 42/42 MP: 22/22
  9267 | D:6      | Found a white marble altar of Elyvilon.
  9304 | D:6      | Found an ornate altar of the Wu Jian Council.
  9475 | D:7      | Learned a level 3 spell: Dazzling Flash
  9519 | D:7      | Reached skill level 5 in Long Blades
  9603 | D:7      | Found a staircase to the Ecumenical Temple.
  9659 | Temple   | Entered the Ecumenical Temple
 10119 | D:7      | Noticed Maggie
 10157 | D:7      | Reached **** piety under Dithmenos
 10423 | D:7      | Found a burning altar of Makhleb.
 10425 | D:7      | Found a glowing silver altar of Zin.
 10425 | D:7      | Noticed an angel
 10425 | D:7      | Noticed a green death
 10584 | D:7      | Found a shadowy altar of Dithmenos.
 10729 | D:7      | Killed Maggie
 11177 | D:7      | Found a glowing golden altar of the Shining One.
 11506 | D:8      | Found a snail-covered altar of Cheibriados.
 11530 | D:8      | Reached XP level 10. HP: 32/46 MP: 24/24
 11550 | D:8      | Killed from afar by an orc priest

Illustrated notes

Levels and vault maps discovered:
D:1:      ldierk_water_garden, layout_loops_corners,
          chequers_serial_rivers_large_a
D:2:      layout_basic, nicolae_overflow_crystal_walls, dk_noncrumbling_2,
          minmay_misc_feat_plants, uniq_crazy_yiuf_cottage, uniq_terence
D:3:      layout_loops_ring, chequers_ecumenical_altar_twisty, uniq_robin,
          uniq_sigmund
D:4:      old_forge, layout_rooms
D:5:      layout_basic, ashenzari_conservatory_becter,
          chequers_serial_rivers_micro_a, minmay_misc_feat_enclosed,
          uniq_menkaure
D:6:      layout_basic, kennysheep_mini_moat, nzn_wu_jian_contemplation,
          st_stairs_10, minmay_strange_pillars, elyvilon_altar_1
D:7:      nicolae_whirlpool, layout_cave_pools,
          grunt_temple_overflow_order_and_chaos_2, kennysheep_little_box,
          minmay_temple_entry_ruins, grunt_dithmenos_shadows, uniq_maggie
D:8:      layout_cave_pools, lemuel_crystal_altar, general_overflow_altar,
          gammafunk_temple_overflow_statue, kennysheep_cross_bottleneck,
          kennysheep_nub
Temple:   chequers_temple_sunken

Skill      XL: |  1  2  3  4  5  6  7  8  9 |
---------------+----------------------------+-----
Conjurations   | 3 4 5 |  5.3
Spellcasting   | 3 4 5 7 8 9 |  9.8
Short Blades   | 1 |  1.6
Dodging        | 4 5 9 |  9.1
Stealth        | 4 5 8 |  8.9
Long Blades    | 2 4 5 |  5.0
Fighting       | 1 2 |  2.0

Action                   |  1- 3 |  4- 6 |  7- 9 | 10-12 || total
-------------------------+-------+-------+-------+-------++-------
Melee: Unarmed           |     2 |       |       |       ||     2
       Short sword       |     3 |    24 |       |       ||    27
       Double sword      |       |       |   120 |     2 ||   122
 Cast: Magic Dart        |   120 |    98 |   202 |    16 ||   436
       Searing Ray       |       |     6 |       |       ||     6
  Use: Scroll            |     2 |       |       |       ||     2
 Stab: Sleeping          |       |       |     6 |       ||     6
       Distracted        |       |       |     1 |       ||     1
Armor: Robe              |     4 |     1 |     5 |       ||    10
Dodge: Dodged            |    11 |    56 |   141 |     7 ||   215
       Rpst.: Double sword |       |       |    36 |     3 ||    39
